 Dungeon Crawl Stone Soup version 0.30.1 (webtiles) character file.

Game seed: 16033305485433028557

679 GeoRichter the Chopper (level 7, -4/50 HPs)
             Began as a Demonspawn Warper on July 10, 2023.
             Was a Believer of Vehumet.
             Killed by divine providence
             ... invoked by an orc priest
              (16 damage)
             ... on level 4 of the Dungeon.
             The game lasted 00:05:07 (2719 turns).

GeoRichter the Chopper (Demonspawn Warper)          Turns: 2719, Time: 00:05:07

Health: -4/50      AC:  3    Str: 16    XL:     7   Next: 34%
Magic:  10/10      EV: 13    Int: 15    God:    Vehumet [**....]
Gold:   174        SH:  0    Dex: 12    Spells: 6/10 levels left

rFire   + . .        a - +0 hand axe
rCold   + . .        (no shield)
rNeg    . . .        b - +0 leather armour
rPois   .            (helmet restricted)
rElec   .            p - scarf of Death Resistance {rC+ rF+, -Tele Will+ Str+3 Slay+3}
rCorr   .            (no gloves)
SInv    .            (no boots)
Will    +....        k - amulet of regeneration
Stlth   +            (no ring)
HPRegen 4.08/turn    (no ring)
MPRegen 0.12/turn

%: no teleportation
@: no status effects
A: horns 1, repulsion field 1, powered by death 2
a: Renounce Religion


You were on level 4 of the Dungeon.
You worshipped Vehumet.
Vehumet was pleased with you.
You visited 1 branch of the dungeon, and saw 4 of its levels.

You collected 174 gold pieces.

Inventory:

Hand Weapons
 a - a +0 hand axe (weapon)
 m - a +0 flail
   (You found it on level 1 of the Dungeon)
Missiles
 d - 7 boomerangs of dispersal {!f}
 h - 2 poisoned darts (quivered)
 s - 5 curare-tipped darts {!f}
Armour
 b - a +0 leather armour (worn)
 p - the scarf of Death Resistance (worn) {rC+ rF+, -Tele Will+ Str+3 Slay+3}
   (You found it on level 2 of the Dungeon)

   Str:       It affects your strength (+3).
   Slay:      It affects your accuracy & damage with ranged weapons and melee
   (+3).
   -Tele:     It prevents most forms of teleportation.
   Will:      It increases your willpower.
Jewellery
 k - an amulet of regeneration (around neck)
   (You found it on level 1 of the Dungeon)
 n - a ring of ice
   (You found it on level 1 of the Dungeon)
Scrolls
 c - a scroll of blinking
 e - a scroll of poison {unknown}
 f - a scroll of enchant weapon {unknown}
 g - a scroll of noise {!r}
 q - a scroll of vulnerability {unknown}
 v - a scroll of teleportation {unknown}
 w - 2 scrolls of identify {@r1}
 x - a scroll of fear {unknown}
Potions
 i - a potion of lignification {unknown}
 j - 4 potions of curing {@q1}
 l - a potion of cancellation {unknown}
 o - 2 potions of might {unknown}
 r - a potion of brilliance {unknown}
 t - 3 potions of attraction {!q}
 u - 2 potions of flight {unknown}


   Skills:
 - Level 2.0 Fighting
 * Level 7.5 Axes
 - Level 0.8 Throwing
 - Level 0.8 Armour
 - Level 1.7 Dodging
 - Level 2.0 Spellcasting
 + Level 2.8 Translocations


You had 6 spell levels left.
You knew the following spells:

 Your Spells              Type           Power      Damage    Failure   Level
a - Manifold Assault      Tloc           10%        N/A       63%         4

Your spell library contained the following spells:

 Spells                   Type           Power      Damage    Failure   Level
 Freeze                   Ice            4%         1d3       26%         1
 Blink                    Tloc           20%        N/A       13%         2
 Lesser Beckoning         Tloc           20%        N/A       13%         2
 Teleport Other           Tloc           10%        N/A       26%         3
 Vhi's Electric Charge    Tloc/Air       10%        N/A       41%         3


Dungeon Overview and Level Annotations

Branches:
Dungeon (4/15) Zot: 21263
 Temple: D:4-7

Altars:
Dithmenos
Sif Muna
Trog
Vehumet

Annotations:
D:3 1 runed translucent door, Crazy Yiuf


Innate Abilities, Weirdness & Mutations

You have a pair of small horns on your head.
You are surrounded by a mild repulsion field. (EV +2)
You regenerate health from kills.


Message History

Something hits you but does no damage.
The orc priest hits you from afar with a +0 trident.
* * * LOW HITPOINT WARNING * * *
The orc hits you but does no damage. Something barely misses you.
The orc closely misses you.
You hit the orc. You headbutt the orc.
You kill the orc!
Vehumet accepts your kill.
You miss something. Something hits you.
The orc priest hits you from afar with a +0 trident!
* * * LOW HITPOINT WARNING * * *
You hit something. You headbutt something. You hit the kobold.
The kobold hits you but does no damage. Something barely misses you.
The orc priest hits you from afar with a +0 trident.
* * * LOW HITPOINT WARNING * * *
You hit something. Your headbutt misses something. You hit the kobold.
You kill the kobold!
Vehumet accepts your kill.
You hear some strange, mumbled words.
A puff of flame appears from out of thin air!
The puff of flame hits you. You resist.
* * * LOW HITPOINT WARNING * * *
The orc priest looks encouraged for a moment.
You completely miss something. Your headbutt misses something.
You hear some strange, mumbled words.
A magic dart appears from out of thin air!
The magic dart hits you!
* * * LOW HITPOINT WARNING * * *
The orc priest mumbles some strange prayers to Beogh against you.
You resist with some effort. Something hits you.
* * * LOW HITPOINT WARNING * * *
The orc priest misses you.
Things that are here:
a +0 dagger; a +0 ring mail You hit the orc priest but do no damage.
You closely miss something. Something hits you.
* * * LOW HITPOINT WARNING * * *
The orc priest closely misses you.
You hit the orc priest.
The orc priest is lightly wounded.
You hit something. Vehumet accepts your kill.
Reactivating autopickup.
You feel a bit more experienced.
The orc priest invokes the aid of Beogh against you.
Beogh smites you!
You die...

.........# .........#
....###..# .........#
### .........### ##.##
...........# #...#
...........####...#
...........#.#.).##
..........>..#.)@#
.##............o####
.......##..#.##g...#
.........^...##....###
.......#............#
..................#
...........####..##
##.....o#### ####
.........#


You could see an orc priest and a goblin.

Vanquished Creatures
  Sigmund (D:3)
  An ogre (D:4)
  2 phantoms (D:4)
  A scorpion (D:4)
  A hound (D:4)
  An orc priest (D:4)
  A sleepcap (D:4)
  An iguana (D:4)
  An orc wizard (D:4)
  An adder (D:2)
  An ufetubus (D:4)
  4 worms
  A dart slug (D:4)
  7 orcs
  16 ball pythons
  6 endoplasms
  2 giant cockroaches
  7 goblins
  5 hobgoblins
  A quokka (D:2)
  2 bats
  5 frilled lizards
  4 kobolds
  8 rats
80 creatures vanquished.

Notes
Turn   | Place    | Note
-------+----------+-------------------------------------------
     0 | D:1      | GeoRichter the Demonspawn Warper began the quest for the
                  | Orb.
     0 | D:1      | Reached XP level 1. HP: 16/16 MP: 3/3
    95 | D:1      | Reached skill level 2 in Axes
   191 | D:1      | Gained mutation: You regenerate a little health from kills.
                  | [demonic ancestry]
   191 | D:1      | Reached XP level 2. HP: 19/22 MP: 5/5
  1046 | D:2      | Reached skill level 3 in Axes
  1173 | D:2      | Gained mutation: You have a pair of small horns on your
                  | head. [demonic ancestry]
  1173 | D:2      | Reached XP level 3. HP: 26/27 MP: 6/6
  1280 | D:2      | Identified the scarf of Death Resistance {rC+ rF+, -Tele
                  | Will+ Str+3 Slay+3}
  1674 | D:3      | Found a faded altar of an unknown god.
  1699 | D:3      | Prayed at the altar of an unknown god.
  1699 | D:3      | Became a worshipper of Vehumet
  1699 | D:3      | Reached * piety under Vehumet
  1699 | D:3      | Offered knowledge of Foxfire by Vehumet.
  1746 | D:3      | Noticed Sigmund
  1763 | D:3      | Killed Sigmund
  1764 | D:3      | Reached skill level 5 in Axes
  1764 | D:3      | Reached XP level 4. HP: 33/33 MP: 7/7
  1764 | D:3      | Reached XP level 5. HP: 38/38 MP: 8/8
  1940 | D:3      | Found a bloodstained altar of Trog.
  1972 | D:3      | Found a radiant altar of Vehumet.
  2133 | D:3      | Found a runed translucent door.
  2134 | D:3      | Noticed Crazy Yiuf
  2254 | D:3      | Found a shimmering blue altar of Sif Muna.
  2387 | D:4      | Noticed an ogre
  2395 | D:4      | Killed an ogre
  2396 | D:4      | Reached skill level 6 in Axes
  2396 | D:4      | Gained mutation: You regenerate health from kills. [demonic
                  | ancestry]
  2396 | D:4      | Reached XP level 6. HP: 26/44 MP: 9/9
  2433 | D:4      | Found a shadowy altar of Dithmenos.
  2532 | D:4      | Offered knowledge of Freeze by Vehumet.
  2539 | D:4      | Reached skill level 7 in Axes
  2539 | D:4      | Gained mutation: You are surrounded by a mild repulsion
                  | field. (EV +2) [demonic ancestry]
  2539 | D:4      | Reached XP level 7. HP: 38/50 MP: 10/10
  2542 | D:4      | Identified the +0 plate armour of Springtime {rF+}
  2580 | D:4      | Reached ** piety under Vehumet
  2635 | D:4      | Learned a level 4 spell: Manifold Assault
  2719 | D:4      | Killed from afar by an orc priest

Illustrated notes

Levels and vault maps discovered:
D:1:      dpeg_arrival_rooms_b, layout_basic, serial_aquarium,
          aquarium_bridge_straight [aquarium_subvault_bridge,
          aquarium_subvault_wall, aquarium_subvault_bridge,
          aquarium_subvault_window], aquarium_window_1, aquarium_window_2,
          aquarium_view_2b, aquarium_view_2b, aquarium_balcony_3b,
          aquarium_pool_2, minmay_octomino_e4
D:2:      minmay_alternating_diamond, layout_rooms, st_stairs_14,
          serial_park_tiny_pond
D:3:      layout_loops_ring, mainiacjoe_overflow_alcove_4,
          lemuel_coloured_pillars_altar, led_sif_pool,
          hellmonk_ecumenical_altar_defaced_shrine, uniq_sigmund,
          uniq_crazy_yiuf_cottage
D:4:      layout_cave_pools, grunt_dithmenos_smoke, minmay_bisected

Skill      XL: |  1  2  3  4  5  6 |
---------------+-------------------+-----
Axes           | 2 3 5 6 7 |  7.5
Fighting       | |  2.0
Throwing       | |  0.8
Armour         | |  0.8
Dodging        | |  1.7
Spellcasting   | |  2.0
Translocations | |  2.8

Action                     |  1- 3 |  4- 6 |  7- 9 || total
---------------------------+-------+-------+-------++-------
  Melee: Hand axe          |   112 |    73 |    33 ||   218
         Headbutt          |     4 |    17 |     9 ||    30
         Punch             |       |     1 |     1 ||     2
  Throw: Dart              |     9 |       |       ||     9
    Use: Scroll            |       |     3 |       ||     3
 Armour: Leather armour    |    16 |    14 |     5 ||    35
  Dodge: Dodged            |    53 |    35 |    20 ||   108
